 Dungeon Crawl Stone Soup version 0.29.1-15-g9cfb28693d (webtiles) character file.

Game seed: 8563792712119114707

7501 javelincjr the Schismatic (level 10, -14/80 HPs)
             Began as a Demonspawn Abyssal Knight on Mar 25, 2023.
             Was an Elder of Lugonu.
             Killed by divine providence
             ... invoked by a meliai
              (17 damage)
             ... on level 10 of the Dungeon.
             The game lasted 00:33:46 (10730 turns).

javelincjr the Schismatic (DsAK)                   Turns: 10730, Time: 00:33:47

Health: -14/80     AC: 15    Str: 18    XL:     10   Next: 95%
Magic:  10/17      EV: 14    Int: 16    God:    Lugonu [****..]
Gold:   546        SH:  4    Dex: 16    Spells: 16/17 levels left

rFire   . . .      SeeInvis .   F - +5 battleaxe
rCold   . . .      Faith    .   (shield currently unavailable)
rNeg    . . .      Spirit   .   j - +4 ring mail
rPois   .          Reflect  .   (helmet restricted)
rElec   +          Harm     .   (no cloak)
rCorr   +          Rampage  .   t - +0 pair of gloves of Limited Liability {rElec Str+4 Dex-3}
Will    .....                   (no boots)
Stlth   +.........              a - amulet of regeneration
HPRegen 1.03/turn               o - +6 ring of dexterity
MPRegen 0.15/turn               x - ring of resist corrosion

@: no status effects
A: antennae 2, foul stench 1, icemail 1, condensation shield, weakness stinger
2, demonic touch 1
a: Renounce Religion, Depart the Abyss, Bend Space, Banish, Corrupt


You were on level 10 of the Dungeon.
You worshipped Lugonu.
Lugonu was greatly pleased with you.
You visited 2 branches of the dungeon, and saw 11 of its levels.
You visited the Abyss 1 time.

You collected 570 gold pieces.
You spent 24 gold pieces at shops.

Inventory:

Hand Weapons
 C - a +2 vorpal war axe
 F - a +5 battleaxe (weapon)
Missiles
 e - 6 javelins
 y - 4 throwing nets
 D - 9 boomerangs (quivered)
 E - 7 poisoned darts
 G - 2 boomerangs of dispersal
Armour
 i - a +2 pair of gloves
 j - a +4 ring mail (worn)
 l - +0 steam dragon scales
 t - the +0 pair of gloves of Limited Liability (worn) {rElec Str+4 Dex-3}
   (You found it on level 3 of the Dungeon)

   Str:       It affects your strength (+4).
   Dex:       It affects your dexterity (-3).
   rElec:     It insulates you from electricity.
 H - a +0 tower shield
Magical Staves
 w - a staff of cold
Jewellery
 a - an amulet of regeneration (around neck)
 c - an amulet of magic regeneration
 o - a +6 ring of dexterity (left hand)
 x - a ring of resist corrosion (right hand)
Wands
 z - a wand of iceblast (14)
 A - a wand of acid (13)
Scrolls
 b - a scroll of blinking
 m - a scroll of vulnerability
 p - 2 scrolls of immolation
 u - a scroll of enchant armour
 v - 3 scrolls of teleportation
 B - 2 scrolls of fear
 I - 3 scrolls of magic mapping
 K - a scroll of fog {unknown}
 L - a scroll of brand weapon {unknown}
Potions
 d - a potion of heal wounds
 f - 4 potions of degeneration {unknown}
 g - 5 potions of curing
 h - a potion of flight {unknown}
 k - 3 potions of attraction {unknown}
 n - a potion of resistance {unknown}
 q - 3 potions of lignification {unknown}
 r - a potion of might
 s - a potion of ambrosia {unknown}
 J - a potion of brilliance {unknown}


   Skills:
 + Level 7.7 Fighting
 + Level 6.8 Axes
 + Level 6.6 Armour
 + Level 6.5 Dodging
 + Level 2.2 Shields
 + Level 4.4 Spellcasting
 + Level 9.7 Invocations


You had 16 spell levels left.
You knew the following spells:

 Your Spells              Type           Power      Damage    Failure   Level
a - Magic Dart            Conj           12%        1d3       26%         1

Your spell library contained the following spells:

 Spells                   Type           Power      Damage    Failure   Level
 Apportation              Tloc           6%         N/A       26%         1
 Necrotise                Necr           12%        1d4       26%         1
 Summon Small Mammal      Summ           12%        N/A       26%         1
 Blink                    Tloc           6%         N/A       38%         2
 Searing Ray              Conj           6%         2d4       38%         2
 Conjure Flame            Conj/Fire      3%         6-21      63%         3
 Ignite Poison            Fire/Tmut/Pois 3%         N/A       63%         3
 Lesser Beckoning         Tloc           3%         N/A       63%         3
 Fulminant Prism          Conj/Hex       1%         3d6       95%         4
 Petrify                  Tmut/Erth      3%         N/A       95%         4
 Sticky Flame             Conj/Fire      3%         2d3       95%         4
 Manifold Assault         Tloc           3%         N/A       100%        5
 Metabolic Englaciation   Hex/Ice        1%         N/A       100%        5
 Statue Form              Tmut/Erth      2%         N/A       100%        6


Dungeon Overview and Level Annotations

Branches:
Dungeon (10/15)            Temple (1/1) D:6            Lair (0/5) D:9
    Orc: D:9-12

Altars:
Ashenzari
Cheibriados
Dithmenos
Fedhas
Gozag
Hepliaklqana
Kikubaaqudgha
Makhleb
Nemelex Xobeh
Okawaru
Qazlal
Ru
Sif Muna
Trog
Uskayaw
Vehumet
Wu Jian
Xom
Yredelemnul

Shops:
D:3 [   D:4 ?   D:6 *

Annotations:
Abyss:1 Grinder, Maurice


Innate Abilities, Weirdness & Mutations

You have a pair of antennae on your head.
You may rarely emit foul miasma when damaged in melee.
A meltable icy envelope protects you from harm. (AC +4)
A meltable shield of frost defends you. (SH +4)
You have a tail ending in a sharp stinger.
Your touch may inflict minor irresistible damage on your foes.


Message History

The meliai stings you but does no damage.
The meliai calls upon its god to heal the meliai.
The meliai is healed somewhat.
The meliai hits you with a +0 hand axe!
* * * LOW HITPOINT WARNING * * *
The meliai stings you but does no damage.
The meliai calls down the wrath of its god upon you.
Something smites you!
* * * LOW HITPOINT WARNING * * *
You feel much better. The meliai hits you but does no damage.
The meliai barely misses you. The meliai hits you with a +0 hand axe.
* * * LOW HITPOINT WARNING * * *
The meliai stings you but does no damage.
The meliai closely misses you. The meliai barely misses you.
The meliai closely misses you.
The meliai stings you but does no damage.
You feel much better.
The meliai invokes the aid of its god against you.
Something smites you! The meliai hits you with a +0 hand axe!
The meliai barely misses you. x2; The meliai closely misses you.
The meliai completely misses you. The meliai closely misses you.
You slash the meliai!
Your tail-slap misses the meliai.
The meliai is severely wounded.
You miss the meliai. The meliai misses you. The meliai barely misses you. x2
You block the meliai's attack.
The meliai mumbles some strange prayers to its god against you.
Something smites you!
* * * LOW HITPOINT WARNING * * *
The meliai hits you but does no damage. The meliai stings you.
* * * LOW HITPOINT WARNING * * *
You are lethally poisoned!
The meliai poisons you! The meliai barely misses you. The meliai misses you.
The meliai barely misses you.
The meliai stings you but does no damage.
You feel better. The meliai hits you with a +0 hand axe.
* * * LOW HITPOINT WARNING * * *
The meliai stings you!
* * * LOW HITPOINT WARNING * * *
The meliai invokes the aid of its god against you.
Something smites you!
You die...

#..###..# #...# #...#..<# #..#
#..# #...# #...#...# #..# #..#
#...# #...#...# ##..# #..#
#...# #...#...# ....# #..#
#...# #...#...# ....# #..#
#...# #...#...# ##..# #..#
#...###.......# #..#
#.)#####.............#### #..#
#.......)y@......##.....#
#..###........y.......##.....#
#.....................##.....#
#........#####........##.###.#
#..###...# #........##.# #.#
#..# #ยง..# #........##.# #.#
#..# #yy.# #........##.# #.#
#..# #...# #........##.# #.#
#..# #...# #........##.# #.#


You could see 2 meliai.

Vanquished Creatures
  A two-headed ogre (D:10)
  Maggie (D:7)
  A meliai (D:10)
  3 yaks (D:10)
  2 wyverns
  A steam dragon (D:7)
  A vampire mosquito (D:7)
  An acid dragon (D:10)
  Edmund (D:5)
  A water moccasin (D:5)
  4 black bears
  5 orc warriors
  2 ice beasts
  5 centaurs
  2 phantoms (D:6)
  2 gnoll sergeants (D:8)
  A necrophage (D:4)
  6 scorpions
  11 wights
  A quasit (D:6)
  A hound (D:4)
  A jelly (D:6)
  7 orc priests
  An iguana (D:6)
  9 orc wizards
  11 gnolls
  6 adders
  2 shadow imps
  8 worms
  2 dart slugs
  48 orcs
  11 ball pythons
  7 bats
  A bat skeleton (D:3)
  4 bat zombies (D:3)
  9 endoplasms
  7 giant cockroaches
  7 goblins
  11 hobgoblins
  2 jackals
  3 quokkas
  4 frilled lizards
  2 goblin skeletons (D:6)
  2 goblin zombies (D:6)
  6 kobolds
  A kobold skeleton (D:6)
  An orc zombie (D:6)
  4 rats
  A bush (D:6)
231 creatures vanquished.

Vanquished Creatures (collateral kills)
  2 wights (D:8)
2 creatures vanquished.

Vanquished Creatures (others)
  2 plants (D:6)
2 creatures vanquished.

Grand Total: 235 creatures vanquished

Notes
Turn   | Place    | Note
-------+----------+-------------------------------------------
     0 | Abyss:1  | javelincjr the Demonspawn Abyssal Knight began the quest
                  | for the Orb.
     0 | Abyss:1  | Reached XP level 1. HP: 18/18 MP: 2/2
   102 | Abyss:2  | Noticed a smoke demon
   129 | Abyss:3  | Noticed a small abomination
   154 | Abyss:3  | Noticed a lich
   157 | D:1      | Escaped the Abyss
   342 | D:1      | Reached skill level 1 in Dodging
   590 | D:1      | Reached ** piety under Lugonu
   599 | D:1      | Gained mutation: A meltable shield of frost defends you.
                  | (SH +4) [demonic ancestry]
   599 | D:1      | Reached XP level 2. HP: 24/24 MP: 4/4
   972 | D:1      | Found a faded altar of an unknown god.
  1310 | D:2      | Reached skill level 3 in Invocations
  1310 | D:2      | Reached XP level 3. HP: 29/29 MP: 5/5
  2381 | D:3      | Discovered your monstrous ancestry.
  2381 | D:3      | Gained mutation: Your touch may inflict minor irresistible
                  | damage on your foes. [demonic ancestry]
  2381 | D:3      | Reached XP level 4. HP: 31/35 MP: 6/6
  2521 | D:3      | Identified the +0 pair of gloves of Limited Liability
                  | {rElec Str+4 Dex-3}
  2599 | D:3      | Found a radiant altar of Vehumet.
  2694 | D:3      | Reached *** piety under Lugonu
  2772 | D:3      | Found Rekoxt's Antique Armour Shop.
  3058 | D:3      | Found an ancient bone altar of Kikubaaqudgha.
  3183 | D:4      | Noticed a scorpion
  3587 | D:4      | Gained mutation: You may rarely emit foul miasma when
                  | damaged in melee. [demonic ancestry]
  3587 | D:4      | Reached XP level 5. HP: 20/42 MP: 7/7
  3726 | D:4      | Reached skill level 4 in Invocations
  3754 | D:4      | Gained mutation: You have a pair of small antennae on your
                  | head. [demonic ancestry]
  3754 | D:4      | Reached XP level 6. HP: 18/48 MP: 7/9
  3947 | D:4      | Found Lusautz's Magic Scroll Shop.
  3954 | D:4      | Bought a scroll of identify for 24 gold pieces
  4894 | D:5      | Entered Level 5 of the Dungeon
  5199 | D:5      | Reached skill level 5 in Invocations
  5199 | D:5      | Gained mutation: A meltable icy envelope protects you from
                  | harm. (AC +4) [demonic ancestry]
  5199 | D:5      | Reached XP level 7. HP: 39/55 MP: 10/10
  5680 | D:5      | Reached skill level 5 in Fighting
  5949 | D:5      | Gained mutation: You have a pair of antennae on your head.
                  | [demonic ancestry]
  5949 | D:5      | Reached XP level 8. HP: 62/62 MP: 12/12
  5982 | D:5      | Reached skill level 6 in Invocations
  6097 | D:5      | Noticed Edmund
  6105 | D:5      | Killed Edmund
  6533 | D:6      | Found a hazy altar of Hepliaklqana.
  6551 | D:6      | Noticed Grinder
  6552 | D:6      | Banished Grinder
  6681 | D:6      | Learned a level 1 spell: Magic Dart
  6697 | D:6      | Reached skill level 7 in Invocations
  6818 | D:6      | Reached **** piety under Lugonu
  6819 | D:6      | Reached skill level 5 in Armour
  6882 | D:6      | Reached skill level 1 in Spellcasting
  6902 | D:6      | Reached skill level 5 in Axes
  6902 | D:6      | Gained mutation: You have a small tail. [demonic ancestry]
  6902 | D:6      | Reached XP level 9. HP: 69/69 MP: 14/14
  6909 | D:6      | Found a staircase to the Ecumenical Temple.
  6922 | Temple   | Entered the Ecumenical Temple
  7164 | D:6      | Found Zigeon's General Store.
  7697 | D:7      | Noticed Maggie
  7704 | D:7      | Killed Maggie
  7705 | D:7      | Reached skill level 5 in Dodging
  7862 | D:7      | Noticed a kobold demonologist
  7863 | D:7      | Banished a kobold demonologist
  7873 | D:7      | Reached skill level 8 in Invocations
  8064 | D:8      | Found a shimmering blue altar of Sif Muna.
  8307 | D:8      | Noticed Maurice
  8308 | D:8      | Banished Maurice
  8380 | D:8      | Gained mutation: You have a tail ending in a sharp stinger.
                  | [demonic ancestry]
  8380 | D:8      | Reached XP level 10. HP: 43/76 MP: 16/16
  9200 | D:9      | Found a staircase to the Lair.
  9464 | D:9      | Reached skill level 9 in Invocations
 10045 | D:10     | Entered Level 10 of the Dungeon
 10132 | D:10     | Found a broken altar of Ashenzari.
 10161 | D:10     | Reached skill level 1 in Shields
 10183 | D:10     | Noticed a two-headed ogre
 10184 | D:10     | Banished a two-headed ogre
 10410 | D:10     | Found an iron altar of Okawaru.
 10433 | D:10     | Noticed a two-headed ogre
 10438 | D:10     | Killed a two-headed ogre
 10726 | D:10     | HP: 1/80 [meliai/divine providence (11)]
 10730 | D:10     | Killed from afar by a meliai

Illustrated notes

Levels and vault maps discovered:
D:1:      co_arrival_square_in_a_square_in_a_square, layout_loops_ring,
          nicolae_ecumenical_snake_handling
D:2:      layout_loops_ring, chequers_avenue, lightli_corner_chamber
D:3:      layout_basic, kennysheep_vampire_church, vehumet_crystals,
          serial_shops, nicolae_square_shop
D:4:      layout_basic, zin_statuary, serial_shops,
          nicolae_shop_advertising_works [nicolae_subvault_shop_adworks],
          nicolae_wormholes
D:5:      layout_loops_corners, st_stairs_13, uniq_edmund
D:6:      layout_basic, mainiacjoe_overflow_catwalk,
          nicolae_tso_besieged_by_evil, mainiacjoe_overflow_boulevard,
          minmay_temple_entry_tees, serial_shops, kennysheep_mini_moat,
          solitary_fountain, uniq_grinder
D:7:      kennysheep_big_flooded_room, layout_rooms, kennysheep_doodads,
          chequers_serial_rivers_marsh, roderic_roman_lattice,
          minmay_misc_feat_alley, dk_noncrumbling_3, uniq_maggie
D:8:      layout_cave_pods, mainiacjoe_overflow_tiny_flanked, uniq_maurice
D:9:      layout_basic, dpeg_oklobed_lair, special_room [special_room_orc]
D:10:     layout_long_grid, mainiacjoe_overflow_small_starburst,
          okawaru_altar_gauntlet_db
Temple:   hellmonk_temple_forest_ring

Skill      XL: |  1  2  3  4  5  6  7  8  9 10 |
---------------+-------------------------------+-----
Dodging        | 1 2 3 4 5 6 |  6.5
Axes           | 2 3 4 5 6 |  6.8
Armour         | 2 3 4 5 6 |  6.6
Invocations    | 3 4 5 7 8 9 |  9.7
Fighting       | 4 5 6 7 |  7.7
Spellcasting   | 1 3 4 |  4.4
Shields        | 2 |  2.2

Action                   |  1- 3 |  4- 6 |  7- 9 | 10-12 || total
-------------------------+-------+-------+-------+-------++-------
Melee: Hand axe          |   120 |    89 |    55 |       ||   264
       Glaive            |     5 |    49 |       |       ||    54
       Touch             |       |     9 |    60 |     1 ||    70
       Punch             |       |     2 |     3 |       ||     5
       War axe           |       |       |   159 |     4 ||   163
       Tailslap          |       |       |    20 |    15 ||    35
       Battleaxe         |       |       |       |   141 ||   141
 Cast: Magic Dart        |       |       |     2 |       ||     2
Invok: Depart the Abyss  |     1 |       |       |       ||     1
       Banish            |       |     2 |     3 |     3 ||     8
       Bend Space        |       |       |     2 |       ||     2
  Use: Scroll            |       |       |     9 |     6 ||    15
       Potion            |       |       |       |     4 ||     4
Armor: Leather armour    |    20 |       |       |       ||    20
       Scale mail        |    21 |    89 |    75 |       ||   185
       Ring mail         |     1 |       |    47 |    72 ||   120
Dodge: Dodged            |    65 |    74 |   149 |   113 ||   401
Block: Other             |    18 |    21 |    43 |    37 ||   119
